 Dungeon Crawl Stone Soup version 0.30.1-11-g7821555f0a (webtiles) character file.

Game seed: 4537555924193323004

465 jagang the Trooper (level 6, -1/51 HPs)
             Began as a Demonspawn Berserker on Dec 13, 2023.
             Was a Priest of Trog.
             Slain by a gnoll bouda
             ... wielding a +0 whip
              (3 damage)
             ... on level 4 of the Dungeon.
             The game lasted 00:07:20 (2622 turns).

jagang the Trooper (Demonspawn Berserker)           Turns: 2622, Time: 00:07:22

Health: -1/51      AC: 11    Str: 19    XL:     6   Next: 80%
Magic:  6/6        EV:  9    Int:  9    God:    Trog [***...]
Gold:   232        SH:  0    Dex: 12    Spells: 5/5 levels left

rFire   . . .        a - +0 mace
rCold   . . .        (no shield)
rNeg    . . .        l - +0 chain mail
rPois   .            (helmet restricted)
rElec   .            b - scarf {shadows}
rCorr   +            (no gloves)
SInv    .            (no boots)
Will    .....        (no amulet) Stlth
                     m - ring of resist corrosion
HPRegen 0.28/turn    (no ring)
MPRegen 0.10/turn

%: no passive effects
@: on berserk cooldown, slowed, very slow
A: horns 1, thin metallic scales 1, ignite blood 1
a: Renounce Religion, Berserk, Trog's Hand


You were on level 4 of the Dungeon.
You worshipped Trog.
Trog was most pleased with you.
You visited 1 branch of the dungeon, and saw 4 of its levels.

You collected 232 gold pieces.

Inventory:

Hand Weapons
 a - a +0 mace (weapon)
Missiles
 q - 5 poisoned darts (quivered)
Armour
 b - a scarf of shadows (worn)
 l - a +0 chain mail (worn)
Jewellery
 m - a ring of resist corrosion (left hand)
Scrolls
 c - a scroll of noise
 f - 2 scrolls of enchant weapon
 g - a scroll of fear {unknown}
 h - 3 scrolls of magic mapping
 j - a scroll of acquirement
 k - a scroll of fog {unknown}
 p - 2 scrolls of vulnerability {unknown}
 t - a scroll of teleportation {unknown}
Potions
 d - a potion of curing {unknown}
 e - a potion of heal wounds {unknown}
 i - a potion of might {unknown}
 n - a potion of attraction {unknown}
 o - a potion of resistance
 r - a potion of flight {unknown}
 s - a potion of cancellation {unknown}


   Skills:
 + Level 5.1 Fighting
 * Level 1.5(2.5) Axes
 - Level 3.0(3.2) Maces & Flails
 + Level 2.0 Throwing
 + Level 3.3 Armour
 + Level 3.2 Dodging


You had 5 spell levels left.
You didn't know any spells.
Your spell library contained the following spells:

 Spells                   Type           Power      Damage    Failure   Level
 Apportation              Tloc           0%         N/A       98%         1
 Necrotise                Necr           0%         1d4       98%         1
 Summon Small Mammal      Summ           0%         N/A       98%         1


Dungeon Overview and Level Annotations

Branches:
Dungeon (4/15)
 Temple: D:4-7

Altars:
Trog


Innate Abilities, Weirdness & Mutations

You have a pair of small horns on your head.
You are partially covered in thin metallic scales. (AC +2)
Your demonic aura sometimes causes spilled blood to erupt in flames.


Message History

Your Fighting skill increases to level 5!
You barely miss the orc. Your headbutt misses the orc.
The gnoll zaps a wand.
The mass of ice explodes!
The iceblast engulfs you!
* * * LOW HITPOINT WARNING * * *
The iceblast engulfs the gnoll.
The iceblast engulfs the orc.
The orc dies!
Sigmund barely misses you.
You hear a shout! x6
The gnoll is no longer moving quickly.
The gnoll hits you but does no damage. The gnoll closely misses you.
The gnoll hits you with a +0 spear.
* * * LOW HITPOINT WARNING * * *
Items here: )) [ †.
You closely miss Sigmund. You headbutt Sigmund!
Sigmund is heavily wounded.
Sigmund hits you but does no damage. The gnoll hits you but does no damage.
The gnoll hits you from afar with a +0 spear.
* * * LOW HITPOINT WARNING * * *
You sock Sigmund! You headbutt Sigmund.
You kill Sigmund!
Trog accepts your kill.
Trog appreciates your killing of a magic user.
You are no longer berserk.
You are exhausted.
You feel yourself slow down.
Your skin stops crawling.
You feel less strong-willed. The gnoll closely misses you.
The gnoll completely misses you.
The gnoll hits you from afar with a +0 spear.
* * * LOW HITPOINT WARNING * * *
Your base Axes skill increases to level 1!
Your Throwing skill increases to level 2!
Okay, then.
Okay, then.
You hit the gnoll but do no damage.
The gnoll is heavily wounded.
The gnoll is no longer moving quickly.
The gnoll barely misses you. The gnoll hits you but does no damage.
The gnoll hits you from afar with a +0 spear.
* * * LOW HITPOINT WARNING * * *
The gnoll bouda hits you with a +0 whip.
You die...

..............
..............
....................
....................
...................
#......†..........###
##.......##.........#
#...................#..
##............)g@)g....
.#..........###.#g.....
.#.............).g.....
#...........†..........
.#...................:.
.##.....##.............
.#.......>.............
.'........#.....#.....
.###....###.....##..#


You could see a gnoll bouda and 3 gnolls.

Vanquished Creatures
  Sigmund (D:4)
  2 jellies (D:4)
  A hound (D:4)
  An iguana (D:2)
  Robin (D:4)
  2 gnolls (D:4)
  3 adders
  2 worms
  2 dart slugs (D:4)
  2 orcs (D:4)
  5 endoplasms
  3 giant cockroaches
  16 goblins
  10 hobgoblins
  5 jackals
  8 kobolds
  4 quokkas
  6 ball pythons
  8 bats
  4 frilled lizards
  4 rats
90 creatures vanquished.

Vanquished Creatures (others)
  An orc (D:4)
1 creature vanquished.

Grand Total: 91 creatures vanquished

Notes
Turn   | Place    | Note
-------+----------+-------------------------------------------
     0 | D:1      | jagang the Demonspawn Berserker began the quest for the
                  | Orb.
     0 | D:1      | Reached XP level 1. HP: 18/18 MP: 1/1
   174 | D:1      | Gained mutation: You have a pair of small horns on your
                  | head. [demonic ancestry]
   174 | D:1      | Reached XP level 2. HP: 16/24 MP: 2/2
   883 | D:2      | Gained mutation: You are partially covered in thin metallic
                  | scales. (AC +2) [demonic ancestry]
   883 | D:2      | Reached XP level 3. HP: 18/29 MP: 3/3
  1018 | D:2      | Reached ** piety under Trog
  1131 | D:2      | Reached skill level 4 in Fighting
  1131 | D:2      | Reached XP level 4. HP: 27/37 MP: 4/4
  2239 | D:3      | Identified a scroll of acquirement
  2245 | D:4      | Reached *** piety under Trog
  2257 | D:4      | Noticed Robin
  2273 | D:3      | Reached XP level 5. HP: 39/43 MP: 5/5
  2309 | D:4      | Reached skill level 1 in Throwing
  2318 | D:4      | Killed Robin
  2427 | D:4      | Gained mutation: Your demonic aura sometimes causes spilled
                  | blood to erupt in flames. [demonic ancestry]
  2427 | D:4      | Reached XP level 6. HP: 46/50 MP: 6/6
  2499 | D:4      | Found a bloodstained altar of Trog.
  2608 | D:4      | Noticed Sigmund
  2618 | D:4      | Reached skill level 5 in Fighting
  2621 | D:4      | Killed Sigmund
  2622 | D:4      | Reached skill level 1 in Axes
  2622 | D:4      | HP: 2/51 [gnoll/+0 spear[a gnoll bouda] (4)]
  2622 | D:4      | Slain by a gnoll bouda

Illustrated notes

Levels and vault maps discovered:
D:1:      dpeg_arrival_court, layout_basic
D:2:      layout_rooms, fountainhead, hangedman_decor_slide_cut,
          grunt_ministairs_2
D:3:      cheibrodos_greedy_goblins, layout_basic
D:4:      layout_cave_pools, mainiacjoe_overflow_24_doors,
          overflow_temple_1_default, serial_bayou_crossing, uniq_sigmund,
          uniq_robin

Skill      XL: |  1  2  3  4  5  6 |
---------------+-------------------+-----
Armour         | 2 3 |  3.3
Dodging        | 2 3 |  3.2
Fighting       | 4 5 |  5.1
Throwing       | 1 2 |  2.0
Maces & Flails | 3 |  3.0
Axes           | 1 |  1.5

Action                     |  1- 3 |  4- 6 || total
---------------------------+-------+-------++-------
  Melee: Mace              |   105 |   163 ||   268
         Headbutt          |    13 |    29 ||    42
         Punch             |     1 |     2 ||     3
 Invoke: Berserk           |       |     3 ||     3
         Trog's Hand       |       |     1 ||     1
    Use: Scroll            |       |     4 ||     4
 Armour: Animal skin       |    32 |       ||    32
         Chain mail        |    30 |   179 ||   209
  Dodge: Dodged            |    89 |   126 ||   215
